 Dungeon Crawl Stone Soup version 0.28-a0-479-g5baa6b73be (webtiles) character file.

Game seed: 10919258262567606186

4833 Squid the Basher (level 10, -7/135 HPs)
             Began as a Minotaur Berserker on Sept 17, 2021.
             Was a High Priest of Trog.
             Mangled by a troll (11 damage)
             ... on level 9 of the Dungeon.
             The game lasted 00:18:56 (9156 turns).

Squid the Basher (Minotaur Berserker)               Turns: 9156, Time: 00:18:57

Health: -7/135     AC: 25    Str: 30    XL:     10   Next: 25%
Magic:  9/9        EV:  9    Int:  4    God:    Trog [*****.]
Gold:   700        SH:  0    Dex: 11    Spells: 9/9 levels left

rFire   + . .      SeeInvis +   s - +4 flail
rCold   + . .      Faith    .   (no shield)
rNeg    + . .      Spirit   .   r - +8 plate armour "Cuappami" {Rampage rN+ Str+6}
rPois   .          Reflect  .   (helmet restricted)
rElec   .          Harm     .   f - scarf {rC+ rF+}
rCorr   .          Rampage  +   (no gloves)
Will    ++...                   n - +2 pair of boots
Stlth   ..........              i - amulet of the acrobat
HPRegen 1.32/turn               g - ring of flight
MPRegen 0.11/turn               b - ring of see invisible

@: berserking, strong-willed, flying, regenerating, very quick
A: horns 2, retaliatory headbutt
a: Renounce Religion, Berserk, Trog's Hand, Brothers in Arms


You were on level 9 of the Dungeon.
You worshipped Trog.
Trog was extremely pleased with you.
You visited 1 branch of the dungeon, and saw 9 of its levels.
You also visited: Ossuary.

You collected 700 gold pieces.

Inventory:

Hand Weapons
 s - a +4 flail (weapon)
Armour
 f - a scarf of resistance (worn)
 n - a +2 pair of boots (worn)
 r - the +8 plate armour "Cuappami" (worn) {Rampage rN+ Str+6}
   (You found it on level 5 of the Dungeon)

   Str:       It affects your strength (+6).
   rN:        It protects you from negative energy.
   Rampage:   It bestows one free step when moving towards enemies.
Jewellery
 b - a ring of see invisible (right hand)
 g - a ring of flight (left hand)
 i - an amulet of the acrobat (around neck)
Wands
 j - a wand of polymorph (15) (quivered)
 k - a wand of digging (4)
Scrolls
 c - 6 scrolls of teleportation
 p - 2 scrolls of fog
 q - a scroll of summoning
Potions
 a - a potion of mutation {unknown}
 d - 5 potions of curing
 e - a potion of cancellation {unknown}
 h - a potion of invisibility {unknown}
 l - a potion of attraction
 m - a potion of haste
 o - 3 potions of heal wounds


   Skills:
 + Level 8.6 Fighting
 - Level 3.3 Short Blades
 - Level 5.5(9.2) Axes
 + Level 11.2(11.7) Maces & Flails
 + Level 8.7 Armour
 + Level 5.6 Dodging


You had 9 spell levels left.
You didn't know any spells.
Your spell library was empty.

Dungeon Overview and Level Annotations

Branches:
Dungeon (9/15)             Temple (0/1) D:4            Lair (0/6) D:9
Ossuary (visited)
    Orc: D:9-12

Altars:
Ashenzari
Cheibriados
Dithmenos
Fedhas
Hepliaklqana
Qazlal
Ru
Trog
Xom
Zin
The Shining One
Beogh

Shops:
D:6 *

Annotations:
D:9 1 transporter, CraigForest's ghost, journeyman FoFi


Innate Abilities, Weirdness & Mutations

You have a pair of horns on your head.
You reflexively headbutt those who attack you in melee.


Message History

CraigForest's ghost closely misses you. You furiously retaliate!
You headbutt CraigForest's ghost!
The moth of wrath goads the troll on!
The troll goes berserk!
The moth of wrath goads the orc warrior on!
The orc warrior goes berserk!
You barely miss the troll. Your headbutt misses the troll. The troll bites you!
The troll claws you but does no damage. The troll claws you.
The orc warrior hits you from afar with a +1 halberd of flaming!!
The orc warrior burns you.
You sock the troll!
The troll is moderately wounded.
CraigForest's ghost hits you but does no damage.
The orc warrior misses you. The troll bites you but does no damage.
The troll claws you but does no damage. The troll claws you!
Your plate armour "Cuappami" prevents you from hitting the troll.
The troll is lightly wounded.
The troll bites you. The troll claws you but does no damage.
The troll claws you!
You barely miss the troll. You headbutt the troll.
The troll is moderately wounded.
The orc warrior hits you from afar with a +1 halberd of flaming!
* * * LOW HITPOINT WARNING * * *
The orc warrior burns you.
* * * LOW HITPOINT WARNING * * *
CraigForest's ghost hits you but does no damage.
You hit the troll.
The troll is moderately wounded.
The troll bites you!
* * * LOW HITPOINT WARNING * * *
The troll barely misses you. The troll claws you but does no damage.
The orc warrior hits you but does no damage.
CraigForest's ghost hits you but does no damage.
You completely miss the troll. Your headbutt misses the troll.
The troll is moderately wounded.
The orc warrior hits you from afar with a +1 halberd of flaming!
* * * LOW HITPOINT WARNING * * *
The troll bites you!
* * * LOW HITPOINT WARNING * * *
The troll claws you but does no damage. The troll claws you!
You die...

...$#####...
####...#####> ##...
#..##... ## #...#..
#.##.## # #. ....# #.
#..#.#
#.#.##.[..#≈##.##.#.#
#...#.oyO..)#...#...#
#..©#TW# _:...O#©..#
##..#@## .)#...#..##
##.### #§#.##.## #. #
## ..# # #.## .. ..#
##


You could see a two-headed ogre, a moth of wrath, a troll (berserk), an orc
warrior (berserk) and CraigForest's ghost.

Vanquished Creatures
  A two-headed ogre (D:6)
  Grinder (D:6)
  The ghost of frimble the Stinger, an amateur OpVM (D:4)
  Sigmund (D:6)
  4 water moccasins
  Duvessa (D:6)
  An orc warrior (D:9)
  A sky beast (D:5)
  2 necrophages
  2 black bears (D:5)
  3 ogres
  3 centaurs
  A phantom (D:5)
  Blork the orc (D:6)
  5 bullfrogs
  3 scorpions (D:6)
  A wyvern zombie (D:6)
  Dowan (D:6)
  2 water moccasin skeletons
  9 wights
  A bullfrog zombie (D:4)
  An orc priest (D:7)
  A gnoll shaman (D:6)
  2 jellies (D:6)
  2 bullfrog skeletons
  A centaur zombie (D:3)
  A centaur skeleton (D:5)
  A hound (D:5)
  An iguana (D:7)
  Jessica (D:3)
  Natasha (twice) (D:2)
  Ijyb (D:4)
  An orc wizard (D:7)
  Terence (D:2)
  2 killer bee zombies
  8 mummies (Ossuary)
  2 howler monkey zombies (D:7)
  Robin (D:2)
  10 gnolls
  5 adders
  2 ufetubi
  An adder skeleton (D:4)
  2 worms
  6 dart slugs
  16 orcs
  6 ball pythons
  10 endoplasms
  5 giant cockroaches
  10 goblins
  10 hobgoblins
  13 jackals
  A quokka (D:2)
  2 bats (D:2)
  4 frilled lizards
  3 hobgoblin zombies (Ossuary)
  5 kobolds
  3 kobold zombies (Ossuary)
  2 orc zombies (Ossuary)
  3 rats
193 creatures vanquished.

Vanquished Creatures (collateral kills)
  An adder (D:4)
1 creature vanquished.

Grand Total: 194 creatures vanquished

Notes
Turn   | Place    | Note
-------+----------+-------------------------------------------
     0 | D:1      | Squid the Minotaur Berserker began the quest for the Orb.
     0 | D:1      | Reached XP level 1. HP: 19/19 MP: 0/0
   271 | D:1      | Reached XP level 2. HP: 12/27 MP: 1/1
  1489 | D:2      | Reached XP level 3. HP: 30/33 MP: 2/2
  1590 | D:2      | Reached ** piety under Trog
  1756 | D:2      | Noticed Terence
  1764 | D:2      | Killed Terence
  1765 | D:2      | Reached XP level 4. HP: 20/41 MP: 3/3
  2108 | D:2      | Reached skill level 5 in Axes
  2195 | D:2      | Noticed Natasha
  2206 | D:2      | Killed Natasha
  2207 | D:2      | Reached skill level 1 in Short Blades
  2445 | D:2      | Noticed Natasha
  2450 | D:2      | Killed Natasha
  2451 | D:2      | Reached XP level 5. HP: 47/47 MP: 4/4
  2475 | D:2      | Noticed Robin
  2491 | D:2      | Killed Robin
  2660 | D:2      | Reached *** piety under Trog
  2795 | D:2      | Found a faded altar of an unknown god.
  2875 | D:3      | Found a snail-covered altar of Cheibriados.
  2889 | D:3      | Reached skill level 5 in Fighting
  3746 | D:3      | Noticed Jessica
  3759 | D:3      | Killed Jessica
  3760 | D:3      | Reached XP level 6. HP: 46/56 MP: 5/5
  3989 | D:4      | Found a sacrificial altar of Ru.
  4055 | D:4      | Found a blossoming altar of Fedhas.
  4107 | D:4      | Found a staircase to the Ecumenical Temple.
  4275 | D:4      | Noticed frimble's ghost (amateur OpVM)
  4280 | D:4      | Found a runed translucent gate.
  4280 | D:4      | Found a runed translucent gate.
  4280 | D:4      | Found a runed translucent gate.
  4294 | D:4      | Killed frimble's ghost
  4295 | D:4      | Reached skill level 1 in Maces & Flails
  4436 | D:4      | Found a stormy altar of Qazlal.
  4461 | D:4      | Noticed Ijyb
  4468 | D:4      | Killed Ijyb
  4577 | D:4      | Reached skill level 2 in Maces & Flails
  4577 | D:4      | Reached XP level 7. HP: 59/61 MP: 6/6
  4847 | D:5      | Entered Level 5 of the Dungeon
  4886 | D:5      | Reached skill level 3 in Maces & Flails
  5297 | D:5      | Found a shimmering altar of Xom.
  5301 | D:5      | Reached skill level 4 in Maces & Flails
  5324 | D:5      | Reached skill level 5 in Maces & Flails
  5324 | D:5      | Reached XP level 8. HP: 67/70 MP: 7/7
  5365 | D:5      | Reached skill level 5 in Dodging
  5522 | D:5      | Identified the +8 plate armour "Cuappami" {Rampage rN+
                  | Str+6}
  5575 | D:5      | Reached skill level 6 in Maces & Flails
  5575 | D:5      | Reached skill level 5 in Armour
  6079 | D:5      | Found a broken altar of Ashenzari.
  6234 | D:6      | Noticed Grinder
  6236 | D:6      | Reached **** piety under Trog
  6246 | D:6      | Killed Grinder
  6247 | D:6      | Reached skill level 7 in Maces & Flails
  6351 | D:6      | Found Zin's Purification Station.
  6355 | D:6      | Found a glowing silver altar of Zin.
  6363 | D:6      | Noticed Blork the orc
  6370 | D:6      | Noticed a two-headed ogre
  6372 | D:6      | Reached skill level 8 in Maces & Flails
  6375 | D:6      | Killed Blork the orc
  6377 | D:6      | Reached XP level 9. HP: 78/78 MP: 8/8
  6387 | D:6      | Killed a two-headed ogre
  6388 | D:6      | Reached skill level 9 in Maces & Flails
  6576 | D:6      | Noticed Sigmund
  6595 | D:6      | Killed Sigmund
  6596 | D:6      | Reached skill level 10 in Maces & Flails
  6643 | D:6      | Noticed Duvessa
  6643 | D:6      | Noticed Dowan
  6655 | D:6      | Killed Duvessa
  6664 | D:6      | Killed Dowan
  6925 | D:6      | Found a glowing golden altar of the Shining One.
  7099 | D:7      | Found a sand-covered staircase.
  7105 | Ossuary  | Entered an ossuary
  7513 | D:7      | Reached XP level 10. HP: 51/88 MP: 9/9
  7742 | D:7      | Found a hazy altar of Hepliaklqana.
  8150 | D:7      | Found a shadowy altar of Dithmenos.
  8504 | D:8      | Reached skill level 11 in Maces & Flails
  8507 | D:8      | Reached ***** piety under Trog
  9120 | D:9      | Found a staircase to the Lair.
  9135 | D:9      | Found a transporter.
  9136 | D:9      | Found a transporter.
  9136 | D:9      | Noticed a two-headed ogre
  9139 | D:9      | Found a bloodstained altar of Trog.
  9147 | D:9      | Noticed a moth of wrath
  9147 | D:9      | Noticed CraigForest's ghost (journeyman FoFi)
  9156 | D:9      | HP: 4/135 [troll (16)]
  9156 | D:9      | Mangled by a troll

Illustrated notes

Levels and vault maps discovered:
D:1:      lightli_arrival_statue_moat, layout_basic, corexii_hall_statues_t
D:2:      layout_loops_ring, hellmonk_ecumenical_altar_defaced_shrine,
          grunt_decor_cap, hangedman_decor_points, hangedman_feature_mirror,
          uniq_natasha, uniq_robin, uniq_terence
D:3:      layout_basic, overflow_temple_1_default, uniq_jessica
D:4:      layout_basic, old_standard_altar, nicolae_overflow_crystal_walls,
          lemuel_round_altar, minmay_temple_entry_gardened_gates,
          gammafunk_ghost_split, uniq_ijyb
D:5:      lemuel_ice_spiral_2, layout_basic, overflow_temple_1_default,
          cheibrodos_ashenzari_chains
D:6:      layout_basic, mainiacjoe_overflow_six_doors_small, zin_purify,
          uniq_sigmund, uniq_duvessa, uniq_grinder, uniq_blork_the_orc
D:7:      layout_cave_pods, worldfamousw_hep_ancestral_shrine,
          nicolae_dithmenos_shadow_blocks, nicolae_ossuary_entry_plus,
          nicolae_sextant
D:8:      layout_rooms, palyth_stone_intersect
D:9:      layout_rooms, nicolae_uskayaw_suspiria, orc_david_3,
          gammafunk_ghost_wrathful_warriors, amcnicky_mini_pool_small,
          uniq_joseph

Skill      XL: |  1  2  3  4  5  6  7  8  9 10 |
---------------+-------------------------------+-----
Axes           | 4 5 |  5.5
Fighting       | 4 5 6 8 |  8.6
Short Blades   | 1 2 3 |  3.3
Dodging        | 3 4 5 |  5.6
Maces & Flails | 2 5 8 10 11 | 11.2
Armour         | 3 4 6 8 |  8.7

Action                   |  1- 3 |  4- 6 |  7- 9 | 10-12 || total
-------------------------+-------+-------+-------+-------++-------
Melee: Hand axe          |    32 |       |       |       ||    32
       Headbutt          |     9 |    24 |    44 |    15 ||    92
       Dagger            |    28 |    89 |       |       ||   117
       Flail             |       |    38 |   185 |    66 ||   289
Invok: Berserk           |     1 |     3 |     2 |     1 ||     7
       Trog's Hand       |       |       |     1 |     1 ||     2
Evoke: Wand              |       |     3 |     1 |     1 ||     5
  Use: Scroll            |     1 |     5 |     4 |       ||    10
       Potion            |       |     3 |     5 |       ||     8
 Stab: Paralysed         |       |     1 |       |       ||     1
Armor: Animal skin       |    16 |    20 |       |       ||    36
       Ring mail         |       |    19 |       |       ||    19
       Chain mail        |       |     3 |    24 |       ||    27
       Plate armour      |       |       |    87 |    46 ||   133
Dodge: Dodged            |    47 |   108 |   119 |    69 ||   343

Table legend: (Time is in decaauts)
 A = Elapsed time spent in this place.
 B = Non-inter-level travel time spent in this place.
 C = Inter-level travel time spent in this place.
 D = Time resting spent in this place.
 E = Time spent auto-exploring this place.
 F = Levels seen in this place.
 G = Mean time per level.
                   A        B        C        D        E       F      G
               +--------+--------+--------+--------+--------+-----+--------+
         Total |   9176 |   8808 |    368 |   1072 |   6016 |  10 |  917.6 |
       Dungeon |   8856 |   8488 |    368 |    952 |   5983 |   9 |  984.0 |
       Ossuary |    320 |    320 |      0 |    120 |     33 |   1 |  320.0 |
               +--------+--------+--------+--------+--------+-----+--------+

Top non-repeatable levels by time:
     D:2: 1462 daAuts
     D:1: 1389 daAuts
     D:5: 1368 daAuts
     D:3: 1134 daAuts
     D:7: 907 daAuts
     D:4: 892 daAuts
     D:6: 874 daAuts
     D:8: 751 daAuts
 Ossuary: 320 daAuts
     D:9: 75 daAuts
